AoeStats
← 8Kram

Highland

506251622Analyzed
4v4 RM · 20d ago on Sep 12, 2026· 61m 33s· 8 players
Game mode
Random Map
Map size
Large (8 player)
Population
200
Speed
Normal
Resources
Standard
Victory
Conquest
Starting age
Dark Age
Ending age
Imperial Age
RankedLock teamsTeams togetherTeam positionsShared explorationLock speedFull tech treeHidden civsTurbo modeCheats
Victory
Defeat
🇨🇳 Dravidians · China
1198
+14
🇺🇸 Lithuanians · United States
1141
+16
🇮🇱 Burgundians · Israel
1125
+17
🇺🇸 Gurjaras · United States
1046
+20
🇧🇴 Khmer · Bolivia
1214
-19
🇨🇴 Spanish · Colombia
1212
-20
🇫🇷 Mongols · France
1099
-15
🇺🇾 Vietnamese · Uruguay
1063
-13
EaterOfAnts5997
4:12 Loom
4:27 Loom
8:41 Loom
12:29 Feudal Age
14:56 Forging
18:49 Castle Age
18:53 Double-Bit Axe
19:29 Fletching
20:38 Medium Warships
22:51 Bodkin Arrow
26:47 Scale Mail Armor
27:43 Pikeman
32:48 Chain Mail Armor
34:02 Murder Holes
35:00 Horse Collar
37:07 Heavy Plow
37:39 Careening
37:54 Town Watch
38:45 Wheelbarrow
39:55 Iron Casting
40:18 Hand Cart
40:31 Padded Archer Armor
40:56 Thumb Ring
42:05 Elite Skirmisher
43:50 Leather Archer Armor
43:51 Treadmill Crane
47:11 Imperial Age
45:16 Scale Barding Armor
46:05 Caravan
46:43 Bloodlines
46:34 Husbandry
48:19 Town Patrol
49:08 Tower Shields
49:29 Conscription
50:19 Ring Archer Armor
49:50 Bracer
49:59 Cavalier
51:49 Halberdier
53:38 Chain Barding Armor
55:50 Paladin
61:27 Plate Barding Armor
HajimiManbo
4:59 Loom
13:31 Feudal Age
14:25 Double-Bit Axe
14:21 Horse Collar
17:52 Castle Age
17:10 Fletching
18:04 Fishing Lines
19:07 Gillnets
19:31 Bow Saw
19:38 Bodkin Arrow
19:44 Padded Archer Armor
21:20 Heavy Plow
23:57 Thumb Ring
31:32 Leather Archer Armor
34:41 Imperial Age
32:47 Wheelbarrow
32:37 Forging
32:33 Scale Barding Armor
34:16 Ballistics
33:56 Gold Mining
33:58 Stone Mining
35:02 Elite Elephant Archer
35:04 Elite Skirmisher
37:24 Ring Archer Armor
36:54 Bracer
37:17 Bracer
37:55 Hand Cart
38:23 Conscription
38:15 Medical Corps
38:42 Conscription
41:45 Chemistry
45:14 Pikeman
45:55 Squires
45:40 Arson
48:49 Siege Elephant
49:06 Halberdier
50:39 Guilds
52:18 Forging
52:08 Scale Mail Armor
53:40 Iron Casting
59:35 Caravan
61:35 Chain Mail Armor
62:51 Blast Furnace
El Fantasma de Pancho Villa
12:12 Feudal Age
13:06 Double-Bit Axe
13:14 Gold Mining
18:58 Castle Age
17:16 Stone Mining
18:19 Wheelbarrow
17:26 Horse Collar
20:11 Bow Saw
21:51 Gold Shaft Mining
25:39 Hand Cart
26:16 Stone Shaft Mining
31:21 Imperial Age
28:37 Town Watch
29:54 Scale Barding Armor
29:59 Forging
31:20 Bloodlines
31:11 Husbandry
31:33 Heavy Camel Rider
33:05 Chain Barding Armor
33:20 Iron Casting
34:28 Plate Barding Armor
34:20 Heavy Plow
35:29 Caravan
36:50 Kshatriyas
37:58 Frontier Guards
37:59 Conscription
43:47 Light Cavalry
46:44 Hussar
49:18 Scale Mail Armor
50:11 Elite Chakram Thrower
51:27 Hoardings
51:09 Chain Mail Armor
Mike
5:09 Double-Bit Axe
12:00 Feudal Age
15:52 Castle Age
15:49 Bow Saw
15:21 Horse Collar
17:53 Loom
18:55 Heavy Plow
19:36 Medium Warships
20:20 Wheelbarrow
20:17 Fletching
20:29 Gold Mining
21:14 Bodkin Arrow
24:38 Hand Cart
25:04 Padded Archer Armor
27:05 Gold Shaft Mining
26:20 Stone Mining
26:59 Clinker Construction
27:00 Careening
27:05 Clinker Construction
27:19 Ballistics
27:10 Scale Barding Armor
31:46 Imperial Age
33:49 Heavy Warships
33:35 Bracer
34:40 Chemistry
34:01 Chain Barding Armor
33:52 Forging
36:12 Plate Barding Armor
35:38 Cavalier
36:19 Husbandry
36:56 Iron Casting
37:37 Carvel Hull
38:09 Stone Shaft Mining
38:13 Paladin
stephledieu
1:34 Loom
10:08 Feudal Age
10:47 Double-Bit Axe
18:41 Castle Age
16:46 Gold Mining
16:40 Horse Collar
19:43 Bow Saw
22:32 Wheelbarrow
22:35 Gold Shaft Mining
24:05 Heavy Plow
25:59 Hand Cart
26:16 Stone Mining
34:29 Imperial Age
31:41 Light Cavalry
32:32 Bloodlines
32:22 Husbandry
37:17 Conscription
36:22 Hussar
37:10 Thumb Ring
37:32 Parthian Tactics
37:00 Elite Steppe Lancer
38:30 Fletching
38:49 Padded Archer Armor
39:07 Elite Mangudai
40:37 Stone Shaft Mining
41:32 Hoardings
43:51 Scale Barding Armor
43:58 Forging
43:46 Heavy Camel Rider
45:20 Town Watch
46:13 Chain Barding Armor
48:24 Iron Casting
53:44 Ballistics
52:50 Elite Skirmisher
59:43 Blast Furnace
TTCAPTT
12:06 Feudal Age
13:24 Wheelbarrow
13:00 Horse Collar
16:20 Castle Age
15:18 Loom
15:41 Double-Bit Axe
16:25 Stone Mining
17:17 Bow Saw
17:55 Heavy Plow
23:56 Sanctity
27:57 Town Watch
28:29 Gold Mining
31:32 Bloodlines
31:23 Husbandry
31:47 Light Cavalry
32:49 Hand Cart
32:43 Scale Barding Armor
34:27 Chain Barding Armor
34:22 Forging
38:20 Imperial Age
36:45 Iron Casting
37:51 Stone Shaft Mining
37:31 Fletching
37:41 Padded Archer Armor
38:23 Hussar
39:49 Plate Barding Armor
40:30 Blast Furnace
39:23 Onager
41:49 Ballistics
43:34 Elite Skirmisher
44:11 Cavalier
45:13 Scale Mail Armor
45:09 Bodkin Arrow
45:29 Leather Archer Armor
46:36 Town Patrol
49:09 Conscription
49:25 Hoardings
50:54 Imperial Skirmisher
55:54 Bracer
56:25 Ring Archer Armor
Ttv/thekrakos22
6:18 Loom
11:39 Feudal Age
12:15 Double-Bit Axe
17:19 Castle Age
19:19 Bow Saw
19:31 Medium Warships
20:11 Wheelbarrow
20:29 Forging
20:09 Fletching
23:32 Iron Casting
22:53 Bodkin Arrow
24:39 Horse Collar
25:10 Bodkin Arrow
26:47 Hand Cart
28:33 Padded Archer Armor
28:45 Heavy Plow
29:43 Leather Archer Armor
34:47 Imperial Age
34:44 Ballistics
34:52 Gold Mining
34:53 Stone Mining
36:15 Heavy Warships
36:10 Elite Rattan Archer
38:33 Two-Man Saw
38:05 Crop Rotation
38:39 Chemistry
38:32 Stone Shaft Mining
38:01 Bracer
38:32 Ring Archer Armor
39:04 Paper Money
39:36 Ring Archer Armor
39:44 Town Watch
41:53 Crossbowman
42:40 Thumb Ring
42:07 Pikeman
42:39 Arbalester
43:23 Scale Mail Armor
42:58 Halberdier
47:05 Squires
47:50 Town Patrol
49:05 Chain Mail Armor
50:25 Plate Mail Armor
54:41 Caravan
8Kram
9:06 Feudal Age
9:30 Loom
12:38 Castle Age
12:54 Horse Collar
15:20 Heavy Plow
19:04 Wheelbarrow
21:18 Scale Barding Armor
24:49 Forging
26:12 Husbandry
26:32 Gold Mining
28:55 Chain Barding Armor
29:10 Iron Casting
30:46 Hand Cart
30:16 Town Watch
31:04 Bloodlines
34:07 Imperial Age
35:37 Plate Barding Armor
36:02 Blast Furnace
36:22 Gold Shaft Mining
35:35 Double-Bit Axe
36:23 Crop Rotation
35:53 Stone Mining
38:02 Stone Shaft Mining
38:11 Heavy Scorpion
40:26 Fletching
40:28 Elite Battle Elephant
41:59 Ballistics
41:47 Siege Engineers
42:43 Chemistry
42:18 Bow Saw
43:04 Double Crossbow
43:25 Conscription
43:36 Bodkin Arrow
44:44 Chemistry
45:06 Tusk Swords
48:44 Bracer
52:46 Murder Holes
53:03 Masonry
53:42 Town Patrol
Connection lost

Rejoining the realm…

Still unreachable

The connection could not be restored.

Session expired

The server has moved on; the page needs a fresh start.